 Dungeon Crawl Stone Soup version 0.30.1-3-gfc49f6343a (webtiles) character file.

Game seed: 8641556225110369583

476 javelincjr the Sneak (level 7, -4/41 HPs)
             Began as an Octopode Summoner on Aug 9, 2023.
             Slain by an orc priest
             ... wielding a +0 whip
              (8 damage)
             ... on level 4 of the Dungeon.
             The game lasted 00:13:22 (2954 turns).

javelincjr the Sneak (Octopode Summoner)            Turns: 2954, Time: 00:13:23

Health: -4/41      AC:  1    Str:  8    XL:     7   Next: 10%
Magic:  9/12       EV: 19    Int: 19    God:
Gold:   94         SH:  0    Dex: 12    Spells: 7/13 levels left

rFire   . . .        p - +4 quarterstaff (chaos)
rCold   . . .        (shield currently unavailable)
rNeg    . . .        (helmet restricted)
rPois   .            (no amulet)
rElec   .            i - +5 ring of evasion
rCorr   .            r - ring of flight
SInv    .            (no ring)
Will    .....        (no ring)
Stlth   ++++         (no ring)
HPRegen 0.26/turn    (no ring)
MPRegen 0.13/turn    (no ring)
                     (no ring)

%: no passive effects
@: flying
A: almost no armour, amphibious, 8 rings, camouflage 1, gelatinous body 1,
(nimble swimmer 1), tentacles
a: no special abilities


You were on level 4 of the Dungeon.
You visited 1 branch of the dungeon, and saw 4 of its levels.

You collected 94 gold pieces.

Inventory:

Hand Weapons
 l - a +0 mace of protection
 m - a +1 dagger of venom
 p - a +4 quarterstaff of chaos (weapon)
 q - a +0 scythe of venom
Missiles
 s - 2 poisoned darts
Armour
 x - a +0 tower shield
Magical Staves
 e - a staff of conjuration
Jewellery
 i - a +5 ring of evasion (left tentacle)
 r - a ring of flight (right tentacle)
Wands
 o - a wand of flame (28)
Scrolls
 c - 3 scrolls of noise {unknown}
 d - 2 scrolls of teleportation {unknown}
 h - 4 scrolls of amnesia {unknown}
 k - a scroll of magic mapping {unknown}
 u - 2 scrolls of identify {unknown}
 w - a scroll of immolation {unknown}
 y - a scroll of brand weapon {unknown}
Potions
 a - a potion of magic
 b - a potion of lignification {unknown}
 f - a potion of brilliance {unknown}
 g - a potion of resistance {unknown}
 j - 2 potions of mutation {unknown}
 n - 6 potions of curing {unknown}
 t - a potion of heal wounds {unknown}
 v - a potion of cancellation {unknown}
 z - 2 potions of ambrosia {unknown}


   Skills:
 + Level 3.6 Dodging
 + Level 5.2 Stealth
 + Level 0.9 Shields
 + Level 3.6 Spellcasting
 + Level 2.5 Conjurations
 + Level 5.1 Summonings


You had 7 spell levels left.
You knew the following spells:

 Your Spells              Type           Power      Damage    Failure   Level
a - Summon Small Mammal   Summ           88%        N/A       1%          1
b - Call Imp              Summ           44%        N/A       2%          2
c - Call Canine Familiar  Summ           22%        N/A       5%          3

Your spell library contained the following spells:

 Spells                   Type           Power      Damage    Failure   Level
 Magic Dart               Conj           52%        1d5       4%          1
 Searing Ray              Conj           26%        2d5       8%          2
 Freeze                   Ice            12%        1d3       14%         1
 Summon Guardian Golem    Hex/Summ       13%        N/A       16%         3
 Hailstorm                Conj/Ice       8%         3d4       26%         3
 Mephitic Cloud           Conj/Pois/Air  6%         N/A       30%         3
 Frozen Ramparts          Ice            6%         1d1       41%         3
 Portal Projectile        Hex/Tloc       6%         N/A       41%         3
 Summon Lightning Spire   Summ/Air       13%        N/A       45%         4
 Anguish                  Hex/Necr       1%         N/A       82%         4
 Cause Fear               Hex            1%         N/A       82%         4
 Leda's Liquefaction      Hex/Erth       1%         N/A       82%         4
 Enfeeble                 Hex            1%         N/A       100%        7
 Animate Armour           Summ/Erth      Unusable   N/A       N/A         4

Dungeon Overview and Level Annotations

Branches:
Dungeon (4/15)
 Temple: D:4-7

Altars:


Innate Abilities, Weirdness & Mutations

You cannot wear most types of armour.
You are amphibious.
You can wear up to eight rings at the same time.
Your skin changes colour to match your surroundings (Stealth+).
Your rubbery body absorbs attacks. (AC +1, EV +1)
((You are camouflaged when in or above water. (Stealth+)))
You have tentacles for arms and can constrict up to eight enemies at once.


Message History

The gnoll misses you.
You closely miss the gnoll. Your grab misses the gnoll.
The gnoll is moderately wounded.
Your bat closely misses the gnoll.
A jackal comes into view.
Your bat hits the gnoll but does no damage.
The gnoll hits you with a +0 whip.
Your cerulean imp barely misses the gnoll.
The gnoll misses you.
An orc priest comes into view. It is wielding a +0 flail.
You hit the gnoll. You freeze the gnoll. Your grab misses the gnoll.
The gnoll is heavily wounded.
Your bat closely misses the gnoll.
Your bat hits the gnoll but does no damage.
Your cerulean imp hits the gnoll from afar with a -2 spear.
A jackal comes into view.
The gnoll completely misses you.
Your bat barely misses the gnoll.
You completely miss the gnoll. You grab the gnoll.
The gnoll is almost dead.
You constrict the gnoll.
You kill the gnoll!
Your bat barely misses the orc.
Your cerulean imp hits the orc with a -2 spear.
The gnoll misses you. The orc misses your cerulean imp.
A jackal comes into view.
The gnoll closely misses you.
The orc priest invokes the aid of Beogh against you.
Pain shoots through your body!
* * * LOW HITPOINT WARNING * * *
The orc closely misses your cerulean imp.
Your cerulean imp hits the orc with a -2 spear.
The orc dies!
You sock the orc priest! You grab the orc priest.
The orc priest is heavily wounded.
You constrict the orc priest.
Your bat hits the orc priest but does no damage.
The gnoll hits you from afar with a +0 halberd.
* * * LOW HITPOINT WARNING * * *
The orc priest hits you with a +0 whip!
You die...

## #.# ##......##..###
... #.###....###.......
#.###.#....## #.......
###...#.......# #...(...
.(........###.####†......
#........(#............
##...b........##.......
##.......†..............
#......o@...)†..#........
..#.....h)...............
#..hg.).......##......#
....o..5..........####..
...............##...<.).#
.....h..[...)...#.....)..
................#####.)##
...............# #).†.
...................


You could see 2 orc priests, a gnoll, 3 jackals, a friendly cerulean imp
(summoned) and a friendly bat (summoned).

Vanquished Creatures
  Sigmund (D:3)
  Crazy Yiuf (D:2)
  A sleepcap (D:4)
  Terence (D:3)
  Robin (D:2)
  4 gnolls
  3 adders
  2 dart slugs
  3 orcs (D:4)
  7 bats
  2 endoplasms (D:2)
  A giant cockroach (D:3)
  6 goblins
  3 hobgoblins
  2 jackals (D:4)
  A quokka (D:3)
  3 ball pythons
  5 frilled lizards
  A kobold (D:3)
  4 rats
52 creatures vanquished.

Vanquished Creatures (collateral kills)
  An adder (D:2)
  2 gnolls
  A worm (D:4)
  A dart slug (D:4)
  4 orcs (D:4)
  A bat (D:2)
  9 endoplasms
  2 giant cockroaches (D:1)
  10 goblins
  6 hobgoblins
  6 jackals
  4 kobolds (D:1)
  3 rats
50 creatures vanquished.

Vanquished Creatures (others)
  A hobgoblin (D:1)
1 creature vanquished.

Grand Total: 103 creatures vanquished

Notes
Turn   | Place    | Note
-------+----------+-------------------------------------------
     0 | D:1      | javelincjr the Octopode Summoner began the quest for the
                  | Orb.
     0 | D:1      | Reached XP level 1. HP: 11/11 MP: 3/3
   260 | D:1      | Reached XP level 2. HP: 16/17 MP: 5/5
   372 | D:1      | Learned a level 2 spell: Call Imp
   655 | D:1      | Reached XP level 3. HP: 15/21 MP: 1/6
  1109 | D:2      | Noticed Robin
  1182 | D:2      | Killed Robin
  1183 | D:2      | Reached XP level 4. HP: 20/27 MP: 1/7
  1285 | D:2      | Reached skill level 1 in Conjurations
  1586 | D:2      | Found a runed translucent door.
  1587 | D:2      | Noticed Crazy Yiuf
  1598 | D:2      | Killed Crazy Yiuf
  1841 | D:3      | Noticed Sigmund
  1852 | D:3      | Killed Sigmund
  1853 | D:3      | Reached XP level 5. HP: 31/31 MP: 5/9
  1853 | D:3      | Reached XP level 6. HP: 36/36 MP: 5/10
  2191 | D:3      | Got Sif Muna's Disquisition on the Energetic Volcano
  2382 | D:3      | Noticed Terence
  2409 | D:3      | Learned a level 3 spell: Call Canine Familiar
  2418 | D:3      | Killed Terence
  2419 | D:3      | Reached skill level 5 in Stealth
  2419 | D:3      | Reached skill level 5 in Summonings
  2915 | D:4      | Reached XP level 7. HP: 26/41 MP: 12/12
  2954 | D:4      | Slain by an orc priest

Illustrated notes

Levels and vault maps discovered:
D:1:      dpeg_arrival_castle, layout_rooms, serial_bayou_pond_c,
          minmay_pentomino_w4
D:2:      layout_loops_ring, minmay_stone_trees_small,
          chequers_decorated_corner, glass_columns_a, minmay_misc_feat_iff,
          uniq_crazy_yiuf_cottage, uniq_robin
D:3:      layout_basic, uniq_sigmund, uniq_terence
D:4:      layout_rooms, eat_drink_and_be_merry_uskayaw,
          amcnicky_mini_pool_small, minmay_goblin_kobold_house

Skill      XL: |  1  2  3  4  5  6 |
---------------+-------------------+-----
Stealth        | 3 4 5 |  5.2
Conjurations   | 2 |  2.5
Dodging        | 3 |  3.6
Spellcasting   | 3 |  3.6
Summonings     | 5 |  5.1
Shields        | |  0.9

Action                     |  1- 3 |  4- 6 |  7- 9 || total
---------------------------+-------+-------+-------++-------
  Melee: Unarmed           |    33 |       |       ||    33
         Constrict         |    20 |    16 |     4 ||    40
         Tentacles         |    13 |    13 |     1 ||    27
         Staff             |    43 |     3 |       ||    46
         Punch             |     1 |       |       ||     1
         Dagger            |       |    14 |       ||    14
         Quarterstaff      |       |    55 |    10 ||    65
   Cast: Summon Small Mamm |    29 |     9 |     2 ||    40
         Call Imp          |    12 |     9 |       ||    21
         Call Canine Famil |       |     2 |     1 ||     3
   Stab: Sleeping          |     2 |     4 |       ||     6
 Armour: Skin              |    12 |     3 |       ||    15
  Dodge: Dodged            |    74 |    75 |    10 ||   159
